 Dungeon Crawl Stone Soup version 0.28.0-45-g0d030f2227 (webtiles) character file.

Game seed: 8154546789874134393

17539 sking99 the Destroyer (level 12, -2/91 HPs)
             Began as a White Draconian Venom Mage on May 24, 2022.
             Was an Elder of Sif Muna.
             Slain by a boulder beetle (31 damage)
             ... on level 2 of the Lair of Beasts.
             The game lasted 00:45:40 (18432 turns).

sking99 the Destroyer (White Draconian Venom Mage) Turns: 18432, Time: 00:45:41

Health: -2/91      AC:  9    Str: 10    XL:     12   Next: 19%
Magic:  14/18      EV: 12    Int: 21    God:    Sif Muna [****..]
Gold:   534        SH: 11    Dex: 12    Spells: 4/20 levels left

rFire   + . .      SeeInvis .   b - +1 dagger (vorpal)
rCold   + + +      Faith    .   g - +1 kite shield
rNeg    + + .      Spirit   .   (armour unavailable)
rPois   +          Reflect  .   f - -2 hat of the Alchemist {rElec rPois rF+ rC+ rN+ Will+ rMut rCorr}
rElec   +          Harm     .   (no cloak)
rCorr   +          Rampage  .   n - +0 pair of gloves
rMut    +                       p - +1 pair of boots
Will    +....                   j - amulet of magic regeneration
Stlth   ++........              u - ring of protection from cold
HPRegen 0.25/turn               E - ring of positive energy
MPRegen 0.56/turn

@: short of breath
A: breathe frost, AC +8, unfitting armour, cold resistance 1, cold-blooded
a: Breathe Frost, Renounce Religion, Channel Magic, Forget Spell, Divine
Exegesis


You were on level 2 of the Lair of Beasts.
You worshipped Sif Muna.
Sif Muna was greatly pleased with you.
You visited 3 branches of the dungeon, and saw 14 of its levels.

You collected 691 gold pieces.
You spent 157 gold pieces at shops.

Inventory:

Hand Weapons
 b - a +1 vorpal dagger (weapon)
Missiles
 z - a throwing net
Armour
 f - the -2 hat of the Alchemist (worn) {rElec rPois rF+ rC+ rN+ Will+ rMut rCorr}
   (You acquired it on level 7 of the Dungeon)

   rF:        It protects you from fire.
   rC:        It protects you from cold.
   rElec:     It insulates you from electricity.
   rPois:     It protects you from poison.
   rN:        It protects you from negative energy.
   rCorr:     It protects you from acid and corrosion.
   rMut:      It protects you from mutation.
   Will:      It increases your willpower.
 g - a +1 kite shield (worn)
 n - a +0 pair of gloves (worn)
 p - a +1 pair of boots (worn)
Jewellery
 j - an amulet of magic regeneration (around neck)
 u - a ring of protection from cold (left hand)
 B - a ring of fire
 E - a ring of positive energy (right hand)
Wands
 l - a wand of digging (14)
 t - a wand of iceblast (23)
 v - a wand of flame (23)
 y - a wand of acid (12)
Scrolls
 c - a scroll of enchant armour
 d - 2 scrolls of brand weapon
 k - 4 scrolls of teleportation
 m - 4 scrolls of magic mapping
 w - 3 scrolls of amnesia
 C - a scroll of vulnerability {unknown}
 D - 3 scrolls of summoning {unknown}
 F - a scroll of identify
Potions
 a - 2 potions of invisibility
 e - a potion of haste
 h - 5 potions of heal wounds
 i - 3 potions of mutation
 o - 6 potions of curing
 q - a potion of might {unknown}
 r - 4 potions of ambrosia
 s - 3 potions of attraction
 x - a potion of brilliance
 A - a potion of resistance {unknown}


   Skills:
 - Level 4.1 Fighting
 - Level 5.5 Dodging
 - Level 1.7 Stealth
 + Level 7.2 Shields
 + Level 4.6 Spellcasting
 + Level 9.8 Conjurations
 - Level 5.0 Hexes
 - Level 1.5 Transmutations
 - Level 6.8 Air Magic
 - Level 9.0 Poison Magic
 + Level 6.9 Invocations


You had 4 spell levels left.
You knew the following spells:

 Your Spells              Type           Power      Damage    Failure   Level
a - Sting                 Tmut/Pois      100%       1d8       3%          1
b - Poisonous Vapours     Pois/Air       76%        N/A       1%          2
c - Mephitic Cloud        Conj/Pois/Air  40%        N/A       2%          3
d - Olgreb's Toxic Radia  Pois           42%        N/A       7%          4
e - Searing Ray           Conj           92%        2d7       1%          2
z - Fulminant Prism       Conj/Hex       18%        3d11      14%         4

Your spell library contained the following spells:

 Spells                   Type           Power      Damage    Failure   Level
 Magic Dart               Conj           100%       1d8       1%          1
 Foxfire                  Conj/Fire      100%       2x1d9     3%          1
 Conjure Flame            Conj/Fire      25%        6-21      12%         3
 Wereblood                Tmut           11%        N/A       24%         2
 Animate Skeleton         Necr           8%         N/A       28%         1
 Apportation              Tloc           8%         N/A       28%         1
 Summon Small Mammal      Summ           16%        N/A       28%         1
 Inner Flame              Hex/Fire       15%        N/A       30%         3
 Portal Projectile        Hex/Tloc       30%        N/A       30%         3
 Cause Fear               Hex            12%        N/A       36%         4
 Flame Wave               Conj/Fire      25%        2d7       36%         4
 Sublimation of Blood     Necr           4%         N/A       41%         2
 Summon Lightning Spire   Summ/Air       19%        N/A       56%         4
 Call Canine Familiar     Summ           4%         N/A       65%         3
 Leda's Liquefaction      Hex/Erth       7%         N/A       71%         4
 Animate Dead             Necr           2%         N/A       96%         4
 Iskenderun's Battlesphe  Conj           46%        2d10      14%         5
 Blade Hands              Tmut           5%         N/A       99%         5
 Iron Shot                Conj/Erth      12%        9d3       99%         6
 Dragon Form              Tmut           5%         N/A       100%        7
 Haunt                    Necr/Summ      2%         N/A       100%        7
 Malign Gateway           Summ/Tloc      2%         N/A       100%        7
 Spellforged Servitor     Conj/Summ      12%        N/A       100%        7
 Storm Form               Tmut/Air       11%        N/A       100%        7
 Summon Hydra             Summ           2%         N/A       100%        7
 Infestation              Necr           2%         N/A       100%        8
 Maxwell's Capacitive Co  Air            16%        ∞         100%        8
 Summon Horrible Things   Summ           2%         N/A       100%        8
 Dragon's Call            Summ           2%         N/A       100%        9
 Animate Armour           Summ/Erth      Unusable   N/A       N/A         4

Dungeon Overview and Level Annotations

Branches:
Dungeon (11/15)            Temple (1/1) D:4            Lair (2/6) D:11
 Spider (0/4) Lair:2          Orc (0/2) D:9
  Swamp: Lair:2-4    Shoals: Lair:2-4

Altars:
Ashenzari
Cheibriados
Dithmenos
Elyvilon
Fedhas
Hepliaklqana
Kikubaaqudgha
Makhleb
Nemelex Xobeh
Okawaru
Ru
Sif Muna
Trog
Uskayaw
Vehumet
Wu Jian
Xom
Yredelemnul
Zin
The Shining One
Beogh

Shops:
D:3 =   D:5 [   D:10 *

Annotations:
D:3 2 transporters, 2 runed translucent doors
D:4 3 runed translucent doors, Lizzurd's ghost, amateur NaWr; azzeron2000's ghost, amateur DsWn; gohu's ghost, novice HOFi


Innate Abilities, Weirdness & Mutations

You can breathe waves of freezing cold which knock back foes.
Your icy white scales are hard. (AC +8)
You cannot fit into any form of body armour.
Your flesh is cold resistant. (rC+)
You are cold-blooded and may be slowed by cold attacks.


Message History

Found a trident.
The boulder beetle is engulfed in noxious fumes.
There is a stone staircase leading down here.
Found a short glowing staff.
The boulder beetle hits you!!!
Ouch! That really hurt!
The boulder beetle stops rolling and uncurls.
You hear an angry buzzing noise. x5
Casting: Mephitic Cloud (mildly dangerous; 2% risk of failure)
Confirm with . or Enter, or press ? or * to list all spells.
Aiming: Poisonous Vapours (safe; 1% risk of failure)
Press: ? - help, Dir - move target, f - boulder beetle
Aim: a boulder beetle (moderately wounded, very poisoned) Poisonous vapours surround the boulder beetle!
The boulder beetle looks as sick as possible!
The boulder beetle bites you!
* * * LOW HITPOINT WARNING * * *
Okay, then.
Casting: Poisonous Vapours (safe; 1% risk of failure)
Confirm with . or Enter, or press ? or * to list all spells.
Aiming: Poisonous Vapours (safe; 1% risk of failure)
Press: ? - help, Dir - move target, f/p - boulder beetle
Aim: a boulder beetle (moderately wounded, extremely poisoned) Poisonous vapours surround the boulder beetle!
The boulder beetle looks as sick as possible!
You block the boulder beetle's attack.
The boulder beetle curls into a ball and begins rolling!
Casting: Poisonous Vapours (safe; 1% risk of failure)
Confirm with . or Enter, or press ? or * to list all spells.
Aiming: Sting (safe; 3% risk of failure)
Press: ? - help, Shift-Dir - straight line, f/p - boulder beetle
Aim: a boulder beetle (severely wounded, rolling, extremely poisoned, 100% to hit)
Okay, then.
Aiming: Breathe Frost (2% risk of failure)
Press: ? - help, Shift-Dir - straight line, f/p - boulder beetle
Aim: a boulder beetle (severely wounded, rolling, extremely poisoned, 100% to hit)
You exhale a wave of freezing cold.
The freezing breath hits the boulder beetle.
The boulder beetle is severely wounded.
The boulder beetle hits you!!
You die...

..#.........................≈≈≈..
........≈PP≈≈P≈≈≈≈≈≈≈≈≈≈≈≈.≈≈≈≈♣.
......(..P≈≈≈P≈≈≈≈≈≈≈≈≈≈≈≈.≈≈≈≈≈≈
####......♣≈≈≈≈≈≈≈≈≈≈≈≈≈≈≈.≈≈≈≈≈≈
.......≈≈≈≈♣...≈♣♣♣≈≈≈.≈≈≈≈≈≈
.........$......≈♣♣♣≈≈.≈≈≈≈≈≈
..........>......≈♣♣≈≈.≈≈≈≈≈≈
^......°.......≈♣♣≈≈.≈≈≈≈≈≈
........°B@...♣♣♣≈P≈.≈P≈≈≈♣
P##..........≈♣ ♣≈≈≈.≈≈≈≈≈♣
.............≈≈≈≈≈≈≈.≈≈≈≈♣♣
.............♣≈≈≈≈≈≈.≈≈≈≈♣♣
............≈♣ ≈≈≈≈≈.≈≈P♣≈.
........)..♣≈≈≈≈≈≈≈≈.≈P≈P..
|P#P........♣≈≈≈P≈≈≈.≈≈♣...
##.#......♣♣≈≈≈≈P≈.♣♣....
####....♣# ♣♣≈≈≈......##


You could see a boulder beetle (rolling, extremely poisoned).

Vanquished Creatures
  Erica (D:9)
  A two-headed ogre (D:11)
  Nergalle (D:11)
  Sonja (Lair:1)
  A deep elf zephyrmancer (D:8)
  A cyclops (D:7)
  4 elephants (Lair:2)
  4 cane toads
  Maggie (D:6)
  A komodo dragon (D:6)
  A kobold demonologist (D:10)
  2 trolls
  A polar bear (D:11)
  4 jumping spiders (Lair:2)
  4 culicivoras (Lair:2)
  A vampire (D:11)
  18 yaks
  2 wyverns
  A basilisk (Lair:1)
  3 steam dragons
  3 acid dragons
  4 water moccasins
  A hornet zombie (D:8)
  8 orc warriors
  2 ice beasts
  A black bear (D:7)
  2 ogres
  5 centaurs
  2 phantoms
  2 kobold brigands
  8 bullfrogs
  A water moccasin skeleton (D:5)
  11 killer bees
  3 wights (D:7)
  7 howler monkeys
  5 electric eels (Lair:2)
  3 centaur zombies
  6 orc priests
  A bullfrog zombie (D:7)
  2 hounds
  3 jellies
  A gnoll shaman (D:9)
  A bullfrog skeleton (D:6)
  A centaur skeleton (D:7)
  4 iguanas
  Natasha (thrice) (D:3)
  5 orc wizards
  8 gnolls
  A howler monkey skeleton (D:5)
  9 adders
  A white imp (D:5)
  An ufetubus (D:4)
  3 dart slugs
  39 orcs
  7 ball pythons
  5 bats
  4 endoplasms
  7 giant cockroaches
  5 hobgoblins
  2 jackals (D:3)
  5 quokkas
  A frilled lizard (D:1)
  6 goblins
  13 kobolds
  4 rats
269 creatures vanquished.

Vanquished Creatures (others)
  8 fulminant prisms
  15 fungi
  28 plants
51 creatures vanquished.

Grand Total: 320 creatures vanquished

Notes
Turn   | Place    | Note
-------+----------+-------------------------------------------
     0 | D:1      | sking99 the Draconian Venom Mage began the quest for the
                  | Orb.
     0 | D:1      | Reached XP level 1. HP: 14/14 MP: 3/3
   300 | D:1      | Reached XP level 2. HP: 22/22 MP: 3/5
   304 | D:1      | Learned a level 2 spell: Poisonous Vapours
   861 | D:1      | Reached skill level 1 in Fighting
  1484 | D:2      | Reached XP level 3. HP: 28/28 MP: 3/6
  1570 | D:2      | Found a faded altar of an unknown god.
  2630 | D:3      | Found a transporter.
  2752 | D:3      | Found Foxt's Jewellery Boutique.
  2784 | D:3      | Found a large runed translucent door.
  2785 | D:3      | Found a large runed translucent door.
  2876 | D:3      | Reached skill level 1 in Air Magic
  2876 | D:3      | Reached XP level 4. HP: 36/36 MP: 5/7
  2880 | D:3      | Learned a level 3 spell: Mephitic Cloud
  2970 | D:3      | Noticed Natasha
  2986 | D:3      | Killed Natasha
  3097 | D:3      | Found a transporter.
  3111 | D:3      | Noticed Natasha
  3122 | D:3      | Killed Natasha
  3357 | D:3      | Noticed Natasha
  3370 | D:3      | Killed Natasha
  3371 | D:3      | Reached XP level 5. HP: 21/41 MP: 7/9
  3575 | D:4      | Found a runed translucent gate.
  3798 | D:4      | Found a staircase to the Ecumenical Temple.
  3820 | Temple   | Entered the Ecumenical Temple
  3895 | Temple   | Became a worshipper of Sif Muna the Loreminder
  4271 | D:4      | Noticed a phantom
  4301 | D:4      | Killed a phantom
  4302 | D:4      | Reached skill level 5 in Poison Magic
  4302 | D:4      | Reached XP level 6. HP: 21/50 MP: 10/10
  4484 | D:4      | Learned a level 4 spell: Olgreb's Toxic Radiance
  5071 | D:4      | Found a runed translucent gate.
  5071 | D:4      | Found a runed translucent gate.
  5071 | D:4      | Noticed gohu's ghost (novice HOFi)
  5072 | D:4      | Noticed azzeron2000's ghost (amateur DsWn)
  5072 | D:4      | Noticed Lizzurd's ghost (amateur NaWr)
  5119 | D:5      | Entered Level 5 of the Dungeon
  5225 | D:5      | Reached skill level 1 in Conjurations
  5225 | D:5      | Reached skill level 1 in Invocations
  5257 | D:5      | Your scales start taking on an icy white colour.
  5257 | D:5      | Reached XP level 7. HP: 20/57 MP: 11/11
  5257 | D:5      | Gained mutation: Your flesh is cold resistant. (rC+) [White
                  | Draconian growth]
  5525 | D:5      | Found a glowing golden altar of the Shining One.
  6117 | D:5      | Found Kahun's Antique Armour Boutique.
  6225 | D:5      | Bought a pair of glowing boots for 157 gold pieces
  6525 | D:5      | Reached * piety under Sif Muna
  6662 | D:6      | Noticed a yak
  6709 | D:6      | Killed a yak
  6710 | D:6      | Reached XP level 8. HP: 54/66 MP: 12/12
  6795 | D:6      | Noticed a komodo dragon
  6828 | D:6      | Killed a komodo dragon
  7159 | D:6      | Noticed Maggie
  7179 | D:6      | Killed Maggie
  7376 | D:6      | Reached XP level 9. HP: 43/71 MP: 11/13
  7733 | D:6      | Reached skill level 5 in Air Magic
  7913 | D:6      | Reached skill level 5 in Invocations
  8418 | D:7      | Reached skill level 5 in Conjurations
  9467 | D:7      | Found a shimmering altar of Xom.
  9595 | D:7      | Noticed a cyclops
  9615 | D:7      | Killed a cyclops
  9616 | D:7      | Reached XP level 10. HP: 54/78 MP: 9/14
 10016 | D:7      | Identified a scroll of acquirement
 10016 | D:7      | Acquired the -2 hat of the Alchemist {rElec rPois rF+ rC+
                  | rN+ Will+ rMut rCorr}
 10016 | D:7      | Found the -2 hat of the Alchemist {rElec rPois rF+ rC+ rN+
                  | Will+ rMut rCorr}
 10256 | D:8      | Reached skill level 5 in Dodging
 10369 | D:8      | Reached ** piety under Sif Muna
 10527 | D:8      | Found a radiant altar of Vehumet.
 10907 | D:8      | Noticed a deep elf zephyrmancer
 10918 | D:8      | Killed a deep elf zephyrmancer
 11721 | D:8      | Learned a level 2 spell: Searing Ray
 12169 | D:9      | Reached skill level 1 in Shields
 12253 | D:9      | Found a shadowy altar of Dithmenos.
 12367 | D:9      | Noticed Erica
 12383 | D:9      | Killed Erica
 12708 | D:9      | Found a sacrificial altar of Ru.
 12939 | D:9      | Reached *** piety under Sif Muna
 13125 | D:9      | Found a staircase to the Orcish Mines.
 13270 | D:10     | Entered Level 10 of the Dungeon
 13274 | D:10     | Found a blossoming altar of Fedhas.
 13280 | D:10     | Learned a level 4 spell: Fulminant Prism
 13323 | D:10     | Reached XP level 11. HP: 84/84 MP: 11/17
 13606 | D:10     | Found Imigoha's Incredible Inventory.
 13818 | D:10     | Found a hazy altar of Hepliaklqana.
 14481 | D:11     | Reached skill level 1 in Hexes
 14631 | D:11     | Noticed a two-headed ogre
 14631 | D:11     | Noticed Nergalle
 14656 | D:11     | Killed a two-headed ogre
 14668 | D:11     | Killed Nergalle
 15197 | D:11     | Found a staircase to the Lair.
 15384 | D:11     | Found a snail-covered altar of Cheibriados.
 15622 | Lair:1   | Entered Level 1 of the Lair of Beasts
 15639 | D:11     | Reached skill level 5 in Shields
 15925 | Lair:1   | Noticed Sonja
 15935 | Lair:1   | Killed Sonja
 17601 | Lair:2   | Reached **** piety under Sif Muna
 17854 | Lair:2   | Reached XP level 12. HP: 91/91 MP: 14/18
 18036 | Lair:2   | Reached skill level 5 in Hexes
 18273 | Lair:2   | Found a hole to the Spider Nest.
 18422 | Lair:2   | Noticed a boulder beetle
 18432 | Lair:2   | Slain by a boulder beetle

Illustrated notes

Levels and vault maps discovered:
D:1:      dpeg_arrival_stonehenge_12_columns, layout_basic, minmay_cupped
D:2:      layout_basic, dreamdust_ecumenical_altar_grove, hangedman_decor_push
D:3:      gammafunk_steamed_eel, layout_basic, jmf_multi_god_temple2,
          serial_shops, nicolae_shop_behind_doors, uniq_natasha
D:4:      layout_cave_pods, minmay_temple_entry_water_ring,
          gammafunk_ghost_cemetery
D:5:      layout_rooms, tso_altar, serial_shops, nicolae_lakefront_shop,
          gup_sewer_entry_bubbles, kennysheep_big_empty_room
D:6:      layout_gridville, grunt_decor_resistance, uniq_maggie
D:7:      layout_cave_pods, lemuel_round_altar, hangedman_decor_growths
D:8:      layout_gridville, mainiacjoe_overflow_paths, guppyfry_early_elven_hall
D:9:      layout_long_grid, nicolae_ru_the_path_less_chosen,
          nicolae_dithmenos_shadow_blocks, david_orc_5, uniq_erica
D:10:     layout_basic, mainiacjoe_overflow_six_doors_small,
          nzn_hepliaklqana_mist_gate, nicolae_alphabet_shops,
          nicolae_straight_to_the_point
D:11:     layout_loops_ring, lair_entry_dummy, cheibriados_altar_1,
          uniq_nergalle
Temple:   nicolae_temple_god_jail
Lair:1:   layout_long_grid, grunt_megastairs_4, uniq_sonja
Lair:2:   layout_gridlike, minmay_swamp_entry_eels,
          nicolae_spider_entry_tight_spaces, special_room [special_room_bee],
          serial_bayou_lagoon_b

Skill      XL: |  1  2  3  4  5  6  7  8  9 10 11 12 |
---------------+-------------------------------------+-----
Fighting       | 1 2 3 4 |  4.1
Air Magic      | 1 2 3 4 6 |  6.8
Poison Magic   | 4 5 6 7 8 9 |  9.0
Spellcasting   | 3 4 |  4.6
Conjurations   | 1 2 4 5 7 9 |  9.8
Invocations    | 1 3 4 6 |  6.9
Dodging        | 2 3 4 5 |  5.5
Shields        | 3 6 7 |  7.2
Hexes          | 4 5 |  5.0
Stealth        | |  1.7
Transmutations | |  1.5

Action                   |  1- 3 |  4- 6 |  7- 9 | 10-12 || total
-------------------------+-------+-------+-------+-------++-------
Melee: Unarmed           |     5 |       |       |       ||     5
       Dagger            |     4 |    57 |    87 |    92 ||   240
       Tailslap          |     2 |    10 |    20 |    17 ||    49
 Cast: Sting             |    85 |    72 |   121 |    99 ||   377
       Poisonous Vapours |       |     2 |    56 |   171 ||   229
       Mephitic Cloud    |       |       |     1 |     8 ||     9
       Olgreb's Toxic Ra |       |       |     5 |    34 ||    39
       Searing Ray       |       |       |       |    24 ||    24
       Fulminant Prism   |       |       |       |     8 ||     8
 Abil: Breathe Frost     |       |       |     3 |     1 ||     4
  Use: Scroll            |       |     9 |     2 |     5 ||    16
       Potion            |       |       |       |     1 ||     1
 Stab: Sleeping          |     1 |       |       |       ||     1
Armor: Skin              |    24 |    30 |    63 |   101 ||   218
Dodge: Dodged            |    42 |    61 |   129 |   172 ||   404
Block: Kite shield       |       |       |       |    56 ||    56
